 Dungeon Crawl Stone Soup version 0.31-a0-182-gc5ef74bbde (webtiles) character file.

Game seed: 9005080554571633727

9445 qw the Cleaver (level 11, 0/71 HPs)
             Began as a Gargoyle Fighter on June 20, 2023.
             Was a Priest of Okawaru.
             Slain by a death yak (7 damage)
             ... on level 1 of the Lair of Beasts.
             The game lasted 00:04:54 (8734 turns).

qw the Cleaver (Gargoyle Fighter)                   Turns: 8734, Time: 00:04:55

Health: 0/71       AC: 30    Str: 24    XL:     11   Next: 46%
Magic:  12/14      EV: 15    Int:  9    God:    Okawaru [***...]
Gold:   521        SH:  7    Dex: 15    Spells: 10/10 levels left

rFire   . . .        Y - +1 war axe
rCold   . . .        c - +0 buckler
rNeg    + . .        k - +0 plate armour
rPois   inf          j - +0 helmet
rElec   +            (no cloak)
rCorr   .            t - +0 pair of gloves
SInv    .            i - +0 pair of boots
Will    .....        (no amulet) Stlth
                     f - +6 ring of dexterity
HPRegen 0.31/turn    n - +5 ring of evasion
MPRegen 0.14/turn

%: no passive effects
@: heroic
A: sickness immunity, AC +8, negative energy resistance 1, electricity
resistance, torment resistance 1, petrification resistance, iridescent scales 1
a: Renounce Religion, Heroism


You were on level 1 of the Lair of Beasts.
You worshipped Okawaru.
Okawaru was most pleased with you.
You visited 3 branches of the dungeon, and saw 11 of its levels.
You also visited: Sewer and Ossuary.

You collected 521 gold pieces.


Innate Abilities, Weirdness & Mutations

You are immune to sickness and miasma.
Your stone body is resilient. (AC +8)
You are immune to poison.
You resist negative energy. (rN+)
You are resistant to electric shocks. (rElec)
You are resistant to unholy torment.
You are immune to petrification.
You are partially covered in iridescent scales. (AC +2)


   Skills:
 - Level 9.1(14.1) Fighting
 - Level 12.1(17.1) Axes
 - Level 1.3(6.3) Throwing
 + Level 8.0(13.0) Armour
 - Level 2.0(7.0) Dodging
 - Level 5.1(10.1) Shields
 - Level 4.0 Invocations


You had 10 spell levels left.
You didn't know any spells.
Your spell library was empty.

Inventory:

Hand Weapons
 e - a +0 demon whip of venom
 h - a +0 flail
 Y - a +1 war axe (weapon)
Armour
 c - a +0 buckler (worn)
 i - a +0 pair of boots (worn)
 j - a +0 helmet (worn)
 k - a +0 plate armour (worn)
 t - a +0 pair of gloves (worn)
Jewellery
 f - a +6 ring of dexterity (left hand)
 l - a ring of fire
 n - a +5 ring of evasion (right hand)
Scrolls
 b - 2 scrolls of identify
Potions
 a - a potion of curing
 d - 2 potions of might
 g - a potion of attraction

Dungeon Overview and Level Annotations

Branches:
Dungeon (9/15)             Temple (1/1) D:7            Lair (1/5) D:9
  Sewer (visited)         Ossuary (visited)
    Orc: D:9-12

Altars:
Cheibriados
Dithmenos
Elyvilon
Fedhas
Gozag
Hepliaklqana
Kikubaaqudgha
Makhleb
Nemelex Xobeh
Okawaru
Qazlal
Ru
Sif Muna
Uskayaw
Vehumet
Wu Jian
Xom
Yredelemnul
Zin
The Shining One

Shops:
D:2 :   D:9 *

Annotations:
D:5 1 runed translucent door, qw's ghost, amateur GrHu


Message History

8727 ||| INVOKING Heroism.
You gain the combat prowess of a mighty hero.
The death yak closely misses you. The death yak gores you.
The death yak gores you but does no damage. x2
You slash the death yak!
You kill the death yak!
Okawaru is honoured by your kill.
You hit the death yak. You hit the death yak but do no damage.
You hit the death yak.
Your base Axes skill increases to level 12!
You hit the death yak but do no damage.
The death yak is moderately wounded.
You hit the death yak. You barely miss the death yak.
The death yak gores you but does no damage.
The death yak misses you. x2
You barely miss the death yak.
The death yak is moderately wounded.
You hit the death yak but do no damage. You hit the death yak.
The death yak gores you but does no damage.
The death yak gores you.
The death yak gores you but does no damage.
You barely miss the death yak.
The death yak is moderately wounded.
You slash the death yak! You hit the death yak.
You block the death yak's attack. The death yak closely misses you.
The death yak barely misses you.
You slash the death yak!
The death yak is heavily wounded.
You slash the death yak! x2
You hit the death yak.
The death yak is heavily wounded.
You hit the death yak but do no damage. You barely miss the death yak.
The death yak gores you but does no damage. x2
The death yak gores you!
You slash the death yak!
The death yak is severely wounded.
You hit the death yak but do no damage. x2
The death yak gores you but does no damage.
The death yak gores you!
You die...

# # ......... #
........# #
........# #
........# #
#.........# #
#.........# #
#........Y## #
#.......Y@Y#
########..........#
##.##.##.........##
.................#
%................#
.......[..######.#
.#######.## #.# %#
#.# #.# .## ####.#
#.#


You could see 3 death yaks.

Vanquished Creatures
  A death yak (Lair:1)
  Amaemon (D:9)
  An orange demon (D:9)
  A kobold demonologist (D:9)
  A cane toad (Lair:1)
  A komodo dragon (Lair:1)
  A rime drake (D:9)
  Grinder (D:5)
  A polar bear (D:9)
  2 vampires (D:9)
  7 yaks
  A wyvern (D:9)
  2 basilisks (Lair:1)
  2 steam dragons
  Edmund (D:4)
  A water moccasin (Sewer)
  2 orc warriors
  9 ice beasts
  An ogre (D:6)
  A sky beast (D:6)
  3 wolves (D:9)
  4 centaurs
  A phantom (D:4)
  4 kobold brigands
  4 bullfrogs
  2 gnoll sergeants
  2 scorpions
  4 wights (D:8)
  7 killer bees (D:9)
  3 howler monkeys (D:9)
  4 electric eels (Lair:1)
  2 jellies
  3 orc priests
  A gnoll bouda (D:7)
  4 hounds
  Jessica (D:2)
  A sleepcap (D:5)
  8 iguanas
  5 orc wizards
  Robin (D:2)
  8 gnolls (D:7)
  10 adders
  3 shadow imps
  3 white imps
  3 worms
  4 dart slugs
  22 orcs
  8 endoplasms
  2 giant cockroaches
  9 hobgoblins
  14 jackals
  3 quokkas
  6 ball pythons
  16 bats
  5 frilled lizards
  18 goblins
  5 hobgoblin zombies (Ossuary)
  25 kobolds
  6 kobold zombies (Ossuary)
  9 orc zombies (Ossuary)
  6 rats
287 creatures vanquished.

Notes
Turn   | Place    | Note
-------+----------+-------------------------------------------
     0 | D:1      | qw the Gargoyle Fighter began the quest for the Orb.
     0 | D:1      | Reached XP level 1. HP: 14/14 MP: 1/1
     0 | D:1      | 0 ||| qw: Version: 0.3-a-9-g12657ce
     0 | D:1      | 0 ||| qw: Game counter: 1283
     0 | D:1      | 0 ||| qw: Always use a shield: true
     0 | D:1      | 0 ||| qw: God list: Okawaru
     0 | D:1      | 0 ||| qw: Allow faded altars: false
     0 | D:1      | 0 ||| qw: Do Orc after D:15 true
     0 | D:1      | 0 ||| qw: Do second Lair branch before Depths: true
     0 | D:1      | 0 ||| qw: Lair rune preference: random
     0 | D:1      | 0 ||| qw: Plans: Normal, Zot:1-4, Slime:5, God:TSO, Crypt,
                  | Tomb, Abyss, Pan, Hells, Win
     0 | D:1      | 0 ||| PLANNING D:1-11
    33 | D:1      | 33 ||| Stepping ~*~*~tactically~*~*~ (stealth).
    41 | D:1      | Reached skill level 2 in Axes
   101 | D:1      | Reached XP level 2. HP: 19/19 MP: 2/2
   113 | D:1      | 113 ||| Stepping ~*~*~tactically~*~*~ (stealth).
   202 | D:1      | 202 ||| DROPPING +0 club.
   409 | D:1      | Reached skill level 3 in Axes
   513 | D:1      | Reached XP level 3. HP: 23/23 MP: 3/3
   692 | D:1      | 692 ||| Stepping ~*~*~tactically~*~*~ (hiding).
   845 | D:1      | 845 ||| UPGRADING to +6 ring of dexterity.
   846 | D:1      | 846 ||| READING scroll labelled OPPUWKEPTA.
   883 | D:2      | Found Zuzilafu's Book Shop.
   914 | D:2      | 914 ||| Stepping ~*~*~tactically~*~*~ (stealth).
  1024 | D:2      | Reached skill level 1 in Dodging
  1065 | D:2      | Reached XP level 4. HP: 28/28 MP: 4/4
  1303 | D:2      | 1303 ||| Stepping ~*~*~tactically~*~*~ (stealth).
  1312 | D:2      | 1312 ||| Stepping ~*~*~tactically~*~*~ (stealth).
  1314 | D:2      | 1314 ||| Stepping ~*~*~tactically~*~*~ (stealth).
  1315 | D:2      | 1315 ||| Stepping ~*~*~tactically~*~*~ (hiding).
  1323 | D:2      | Reached skill level 4 in Axes
  1341 | D:2      | 1341 ||| Stepping ~*~*~tactically~*~*~ (stealth).
  1341 | D:2      | Noticed Jessica
  1342 | D:2      | Noticed Robin
  1344 | D:2      | Killed Jessica
  1345 | D:2      | Reached XP level 5. HP: 20/32 MP: 5/5
  1350 | D:2      | Killed Robin
  1564 | D:2      | 1564 ||| UPGRADING to +0 helmet.
  1569 | D:2      | 1569 ||| READING scroll labelled UBLURPHO JEKKY.
  1570 | D:2      | 1570 ||| READING scroll labelled RUL LAAG NODD.
  1689 | D:3      | Found a burning altar of Makhleb.
  1797 | D:3      | Reached skill level 5 in Axes
  1799 | D:3      | Reached XP level 6. HP: 27/38 MP: 6/6
  2156 | D:3      | You fall into a shaft and drop 1 floor!
  2157 | D:4      | 2157 ||| UPGRADING to +0 pair of boots.
  2162 | D:4      | 2162 ||| UPGRADING to +0 chain mail.
  2172 | D:4      | 2172 ||| DROPPING +0 scale mail.
  2173 | D:4      | 2173 ||| UPGRADING to +5 ring of evasion.
  2174 | D:4      | 2174 ||| DRINKING 2 fuming emerald potions.
  2212 | D:3      | 2212 ||| Stepping ~*~*~tactically~*~*~ (hiding).
  2213 | D:3      | 2213 ||| Stepping ~*~*~tactically~*~*~ (hiding).
  2215 | D:3      | 2215 ||| Stepping ~*~*~tactically~*~*~ (hiding).
  2227 | D:3      | Found a faded altar of an unknown god.
  2379 | D:3      | 2379 ||| READING 2 scrolls labelled BASHOL IGHU.
  2416 | D:4      | 2416 ||| Stepping ~*~*~tactically~*~*~ (hiding).
  2722 | D:4      | 2722 ||| Stepping ~*~*~tactically~*~*~ (stealth).
  2728 | D:4      | Reached skill level 6 in Axes
  2728 | D:4      | Reached XP level 7. HP: 43/43 MP: 7/7
  2744 | D:4      | 2744 ||| Stepping ~*~*~tactically~*~*~ (stealth).
  2746 | D:4      | 2746 ||| Stepping ~*~*~tactically~*~*~ (stealth).
  2749 | D:4      | Noticed Edmund
  2762 | D:4      | Killed Edmund
  2842 | D:4      | Reached skill level 7 in Axes
  2851 | D:4      | 2851 ||| Stepping ~*~*~tactically~*~*~ (stealth).
  2854 | D:4      | 2854 ||| Stepping ~*~*~tactically~*~*~ (stealth).
  2905 | D:4      | 2905 ||| Stepping ~*~*~tactically~*~*~ (hiding).
  3078 | D:4      | 3078 ||| DROPPING orb of light.
  3079 | D:4      | 3079 ||| DROPPING ring of positive energy.
  3101 | D:5      | Entered Level 5 of the Dungeon
  3235 | D:5      | Found an ancient bone altar of Kikubaaqudgha.
  3246 | D:5      | Reached XP level 8. HP: 49/49 MP: 8/8
  3329 | D:5      | Found a runed translucent door.
  3332 | D:5      | Noticed qw's ghost (amateur GrHu)
  3335 | D:5      | 3335 ||| Stepping ~*~*~tactically~*~*~ (stealth).
  3338 | D:5      | 3338 ||| Stepping ~*~*~tactically~*~*~ (stealth).
  3340 | D:5      | 3340 ||| Stepping ~*~*~tactically~*~*~ (hiding).
  3384 | D:5      | Noticed Grinder
  3393 | D:5      | Paralysed by Grinder for 4 turns
  3403 | D:5      | Killed Grinder
  3404 | D:5      | Reached skill level 8 in Axes
  3699 | D:5      | 3699 ||| UPGRADING to +0 pair of gloves.
  3704 | D:5      | 3704 ||| READING scroll labelled NEYMAIPTIC.
  3705 | D:5      | 3705 ||| READING scroll labelled SUSADA TICOLUB.
  3706 | D:5      | 3706 ||| DRINKING 2 sedimented silvery potions.
  3706 | D:5      | Gained mutation: You are agile. (Dex +4, Str/Int -1)
                  | [potion of mutation]
  3706 | D:5      | Gained mutation: You occasionally lose the ability to drink
                  | potions when taking damage. [potion of mutation]
  3706 | D:5      | Gained mutation: You are very agile. (Dex +8, Str/Int -2)
                  | [potion of mutation]
  3707 | D:5      | 3707 ||| DRINKING potion of mutation.
  3707 | D:5      | Lost mutation: You are very agile. (Dex +8, Str/Int -2)
                  | [potion of mutation]
  3707 | D:5      | Lost mutation: You occasionally lose the ability to drink
                  | potions when taking damage. [potion of mutation]
  3707 | D:5      | Lost mutation: You are agile. (Dex +4, Str/Int -1) [potion
                  | of mutation]
  3707 | D:5      | Gained mutation: You are partially covered in iridescent
                  | scales. (AC +2) [potion of mutation]
  3737 | D:6      | 3737 ||| PLANNING SEWER
  4084 | D:6      | Reached skill level 6 in Fighting
  4117 | D:6      | Found a stormy altar of Qazlal.
  4439 | D:6      | Found a glowing drain.
  4440 | D:6      | 4440 ||| READING scroll labelled RAAT QIUNK.
  4444 | Sewer    | Entered a sewer
  4522 | Sewer    | 4522 ||| READING scroll labelled PEOSTRE COS YXO.
  4523 | Sewer    | 4523 ||| DROPPING potion of berserk rage.
  4532 | D:6      | 4532 ||| PLANNING D:1-11
  4630 | D:7      | Reached skill level 1 in Throwing
  4630 | D:7      | Reached XP level 9. HP: 28/55 MP: 9/9
  4635 | D:7      | Reached skill level 9 in Axes
  4637 | D:7      | 4637 ||| Stepping ~*~*~tactically~*~*~ (hiding).
  4790 | D:7      | Found a staircase to the Ecumenical Temple.
  4791 | D:7      | 4791 ||| PLANNING TEMPLE
  4808 | Temple   | Entered the Ecumenical Temple
  4809 | Temple   | 4809 ||| PLANNING OKAWARU WORSHIP
  4923 | Temple   | Became a worshipper of Warmaster Okawaru
  4924 | Temple   | 4924 ||| PLANNING D:1-11
  5160 | D:7      | Identified the +1 scale mail of Zin, Witching {rN+ Str+2}
  5587 | D:7      | 5587 ||| DROPPING +1 scale mail of Zin, Witching {rN+
                  | Str+2}.
  5588 | D:7      | 5588 ||| DRINKING 2 yellow potions.
  5589 | D:7      | 5589 ||| DRINKING potion of curing.
  5589 | D:7      | 5589 ||| (to cure confusion)
  5590 | D:7      | 5590 ||| DRINKING 3 grey potions.
  5591 | D:7      | 5591 ||| READING 2 scrolls of identify.
  5591 | D:7      | 5591 ||| IDENTIFYING fuming puce potion
  5592 | D:7      | 5592 ||| DROPPING potion of ambrosia.
  5604 | D:8      | 5604 ||| PLANNING OSSUARY
  5650 | D:8      | Found a sand-covered staircase.
  5658 | Ossuary  | Entered an ossuary
  5852 | D:8      | 5852 ||| PLANNING D:1-11
  6024 | D:8      | 6024 ||| DROPPING +2 mace of draining.
  6027 | D:8      | Found the +18 Lear's hauberk
  6058 | D:8      | 6058 ||| Stepping ~*~*~tactically~*~*~ (stealth).
  6060 | D:8      | 6060 ||| Stepping ~*~*~tactically~*~*~ (hiding).
  6281 | D:8      | 6281 ||| Stepping ~*~*~tactically~*~*~ (hiding).
  6298 | D:8      | Reached * piety under Okawaru
  6472 | D:8      | 6472 ||| Stepping ~*~*~tactically~*~*~ (stealth).
  6482 | D:8      | Reached skill level 1 in Invocations
  6509 | D:8      | Identified the +4 whip of Byantow {freeze, Str+3}
  6673 | D:8      | 6673 ||| UPGRADING to +0 plate armour.
  6683 | D:8      | 6683 ||| DROPPING +0 chain mail.
  6684 | D:8      | 6684 ||| READING scroll labelled XIDOAH IPNIHO.
  6745 | D:9      | 6745 ||| Stepping ~*~*~tactically~*~*~ (stealth).
  6746 | D:9      | 6746 ||| Stepping ~*~*~tactically~*~*~ (stealth).
  6803 | D:9      | Found a glowing silver altar of Zin.
  6857 | D:9      | Reached skill level 3 in Invocations
  6864 | D:9      | Noticed Amaemon
  6864 | D:9      | Noticed a polar bear
  6865 | D:9      | 6865 ||| INVOKING Heroism.
  6865 | D:9      | Noticed a rime drake
  6868 | D:9      | Noticed an orange demon
  6869 | D:9      | Reached skill level 6 in Armour
  6872 | D:9      | Reached XP level 10. HP: 53/63 MP: 9/12
  6894 | D:9      | 6894 ||| INVOKING Heroism.
  6899 | D:9      | Reached skill level 10 in Axes
  6924 | D:9      | 6924 ||| INVOKING Heroism.
  6930 | D:9      | Killed Amaemon
  6930 | D:9      | Reached ** piety under Okawaru
  6949 | D:9      | 6949 ||| INVOKING Heroism.
  6984 | D:9      | 6984 ||| INVOKING Heroism.
  7002 | D:9      | Killed an orange demon
  7002 | D:9      | HP: 12/64 [orc warrior/+0 glaive (6)]
  7003 | D:9      | 7003 ||| READING 2 scrolls of teleportation.
  7004 | D:9      | 7004 ||| DRINKING 2 potions of heal wounds.
  7007 | D:9      | Found a staircase to the Lair.
  7015 | D:9      | 7015 ||| INVOKING Heroism.
  7037 | D:9      | HP: 8/64 [orc warrior/+0 glaive (11)]
  7038 | D:9      | 7038 ||| READING scroll of teleportation.
  7039 | D:9      | 7039 ||| DRINKING potion of heal wounds.
  7172 | D:9      | Noticed a kobold demonologist
  7174 | D:9      | Noticed a sixfirhy
  7183 | D:9      | 7183 ||| INVOKING Heroism.
  7193 | D:9      | HP: 15/64 [chaos spawn[a kobold demonologist] (10)]
  7193 | D:9      | HP: 6/64 [chaos spawn[a kobold demonologist] (9)]
  7197 | D:9      | Killed a kobold demonologist
  7198 | D:9      | Reached skill level 11 in Axes
  7569 | D:9      | Reached XP level 11. HP: 62/68 MP: 14/14
  7618 | D:9      | 7618 ||| Stepping ~*~*~tactically~*~*~ (stealth).
  7623 | D:9      | Reached *** piety under Okawaru
  7789 | D:9      | 7789 ||| Stepping ~*~*~tactically~*~*~ (hiding).
  7794 | D:9      | 7794 ||| INVOKING Heroism.
  7861 | D:9      | 7861 ||| DRINKING 2 potions of curing.
  7861 | D:9      | 7861 ||| (to cure confusion)
  7872 | D:9      | 7872 ||| INVOKING Heroism.
  7875 | D:9      | Reached skill level 9 in Fighting
  8028 | D:9      | Found Kiamang's Demolitions Depot.
  8223 | D:9      | 8223 ||| PLANNING LAIR
  8223 | D:9      | 8223 ||| READING scroll labelled SAHUAL LICS.
  8224 | D:9      | 8224 ||| READING 4 scrolls of identify.
  8224 | D:9      | 8224 ||| IDENTIFYING green potion
  8225 | D:9      | 8225 ||| READING 3 scrolls of identify.
  8225 | D:9      | 8225 ||| IDENTIFYING smoky yellow potion
  8226 | D:9      | 8226 ||| DROPPING potion of invisibility.
  8227 | D:9      | 8227 ||| DROPPING potion of degeneration.
  8258 | Lair:1   | Entered Level 1 of the Lair of Beasts
  8259 | Lair:1   | 8259 ||| INVOKING Heroism.
  8275 | Lair:1   | 8275 ||| INVOKING Heroism.
  8278 | Lair:1   | 8278 ||| FLEEEEING.
  8279 | Lair:1   | 8279 ||| FLEEEEING.
  8280 | Lair:1   | 8280 ||| FLEEEEING.
  8281 | Lair:1   | 8281 ||| FLEEEEING.
  8282 | Lair:1   | 8282 ||| FLEEEEING.
  8283 | Lair:1   | 8283 ||| STAIRDANCE
  8444 | Lair:1   | 8444 ||| INVOKING Heroism.
  8538 | Lair:1   | 8538 ||| INVOKING Heroism.
  8667 | Lair:1   | 8667 ||| Stepping ~*~*~tactically~*~*~ (hiding).
  8668 | Lair:1   | 8668 ||| Stepping ~*~*~tactically~*~*~ (hiding).
  8711 | Lair:1   | Noticed a death yak
  8711 | Lair:1   | Noticed a death yak
  8712 | Lair:1   | Noticed a death yak
  8712 | Lair:1   | 8712 ||| INVOKING Heroism.
  8714 | Lair:1   | Noticed a death yak
  8727 | Lair:1   | 8727 ||| INVOKING Heroism.
  8728 | Lair:1   | Killed a death yak
  8729 | Lair:1   | Reached skill level 12 in Axes
  8733 | Lair:1   | HP: 7/71 [death yak (14)]
  8734 | Lair:1   | Slain by a death yak

Levels and vault maps discovered:
D:1:      grunt_arrival_crossed_arrows, layout_loops_ring,
          palyth_stone_intersect, grunt_decor_clamped
D:2:      minmay_angry_zag, layout_rooms, serial_shops,
          nicolae_shop_temple_entry_statues_fountains,
          minmay_misc_feat_more_columns, kennysheep_cross_room, uniq_robin,
          uniq_jessica
D:3:      minmay_diamond_boxcup, layout_basic, makhleb_altar_promises_db,
          chequers_ecumenical_altar_simple, hangedman_decor_push, minivault_26
D:4:      layout_rooms, chequers_avenue, uniq_edmund
D:5:      layout_rooms, mainiacjoe_overflow_cross_hatched,
          ebering_ghost_sewer_d, kennysheep_generic_room_3, uniq_grinder
D:6:      layout_loops_cross, nicolae_qazlal_scattered_showers,
          gup_sewer_entry_bowl
D:7:      layout_basic, minmay_temple_entry_mist
D:8:      layout_basic, nicolae_ossuary_entry_ruins, st_stairs_13,
          lemuel_flame_loot_1
D:9:      layout_long_grid, mainiacjoe_overflow_tiny_flanked,
          hellmonk_lair_entry_icy, nicolae_blasting_shop, minmay_quadrilaterals,
          uniq_amaemon
Temple:   kb_temple_of_zot
Lair:1:   layout_small_grid, enter_volcano_2, disabler_island

Skill      XL: |  1  2  3  4  5  6  7  8  9 10 11 |
---------------+----------------------------------+-----
Axes           | 2 3 4 5 6 7 8 9 11 12 | 12.1
Dodging        | 1 2 |  2.0
Fighting       | 4 5 6 7 8 9 |  9.1
Armour         | 4 6 8 |  8.0
Throwing       | 1 |  1.3
Shields        | 4 5 |  5.1
Invocations    | 3 4 |  4.0

Action                     |  1- 3 |  4- 6 |  7- 9 | 10-12 || total
---------------------------+-------+-------+-------+-------++-------
  Melee: War axe           |    81 |   128 |   351 |   310 ||   870
  Throw: Boomerang         |    50 |       |    16 |    18 ||    84
 Invoke: Heroism           |       |       |     1 |    14 ||    15
    Use: Scroll            |     1 |     3 |     6 |     5 ||    15
         Potion            |       |     1 |     5 |     3 ||     9
 Armour: Scale mail        |    55 |    47 |       |       ||   102
         Chain mail        |       |    20 |   135 |       ||   155
         Plate armour      |       |       |    24 |   177 ||   201
  Dodge: Dodged            |    39 |    56 |   195 |   197 ||   487
  Block: Buckler           |    18 |    28 |    80 |   101 ||   227

Table legend:
 A = Non-vault XP
 B = Vault XP
 C = Vault XP percentage of total XP
 D = Non-vault monster count
 E = Vault monster count
 F = Vault count percentage of total count
                 A         B        C        D         E       F
            +---------+---------+-------+---------+---------+-------
      Total |    8356 |    5138 |  38.1 |     206 |      81 |  28.2
            +---------+---------+-------+---------+---------+-------
        D:1 |      45 |       0 |   0.0 |      25 |       0 |   0.0
        D:2 |      83 |      92 |  52.6 |      26 |      17 |  39.5
        D:3 |     192 |      27 |  12.3 |      18 |       7 |  28.0
        D:4 |     405 |     153 |  27.4 |      26 |       1 |   3.7
        D:5 |     345 |     290 |  45.7 |      16 |       1 |   5.9
        D:6 |     557 |       9 |   1.6 |      10 |       4 |  28.6
        D:7 |     781 |       0 |   0.0 |      31 |       0 |   0.0
        D:8 |     946 |       3 |   0.3 |      20 |       1 |   4.8
        D:9 |    2233 |    3986 |  64.1 |      24 |      19 |  44.2
     Lair:1 |    2769 |     411 |  12.9 |      10 |       5 |  33.3
      Sewer |       0 |     147 | 100.0 |       0 |       6 | 100.0
    Ossuary |       0 |      20 | 100.0 |       0 |      20 | 100.0
            +---------+---------+-------+---------+---------+-------
